 Dungeon Crawl Stone Soup version 0.24.0-123-gd5b16e6ec5 (webtiles) character file.

Game seed: 11797207980915427319, levelgen mode: deterministic

59 brucemayne the Chopper (level 4, -7/39 HPs)
             Began as a Hill Orc Monk on Jan 23, 2020.
             Splashed by a jelly's acid (9 damage)
             ... on level 5 of the Dungeon.
             The game lasted 00:05:00 (917 turns).

brucemayne the Chopper (Hill Orc Monk)               Turns: 917, Time: 00:05:00

Health: -7/39      AC:  0    Str: 18    XL:     4   Next: 3%
Magic:  4/4        EV: 10    Int: 10    God:
Gold:   72         SH:  0    Dex: 13    Spells: 3/3 levels left

rFire    + . .     SeeInvis .   a - +0 hand axe
rCold    . . .     Gourm    .   (no shield)
rNeg     . . .     Faith    .   p - +0 scale mail
rPois    .         Spirit   .   j - +2 hat
rElec    .         Reflect  .   (no cloak)
rCorr    .         Harm     .   (no gloves)
MR       .....                  (no boots)
Stlth    ..........             (no amulet)
HPRegen  0.13/turn              e - +4 ring of strength
MPRegen  0.09/turn              i - ring of protection from fire

@: about to teleport, corroded
A: no striking features
a: no special abilities


You were on level 5 of the Dungeon.
You were not hungry.

You visited 1 branch of the dungeon, and saw 5 of its levels.

You collected 72 gold pieces.

Inventory:

Hand Weapons
 a - a +0 hand axe (weapon)
 s - a cursed -2 spear
Missiles
 m - 41 stones (quivered)
Armour
 b - a +0 robe
 j - a +2 hat (worn)
 p - a +0 scale mail (worn)
 r - a +0 chain mail
Jewellery
 e - a +4 ring of strength (left hand)
 i - a ring of protection from fire (right hand)
 o - a +3 ring of intelligence
Scrolls
 d - a scroll of identify
 g - 2 scrolls of remove curse
 h - a scroll of magic mapping
Comestibles
 c - 2 rations


   Skills:
 - Level 3.6 Fighting
 + Level 6.3 Axes
 - Level 2.4 Dodging
 - Level 1.5 Stealth


You had 3 spell levels left.
You didn't know any spells.
Your spell library was empty.

Dungeon Overview and Level Annotations

Branches:
Dungeon (5/15)
 Temple: D:4-7

Altars:
Ashenzari
Elyvilon
Sif Muna
Wu Jian

Shops:
D:4 *

Annotations:
D:3 Sigmund


Message History

Aiming: Enslavement
Press: ? - help, Shift-Dir - straight line, f/p - jelly
Aim: a jelly (chance to defeat MR: 54%)
The jelly resists with significant effort.
The now-empty wand crumbles to dust.
The jelly barely misses you.
As you read the scroll labeled UBEUTHUASI, it crumbles to dust.
It is a scroll of identify.
g - 2 scrolls of remove curse The jelly hits you.
The acid corrodes you!
You are splashed with acid!
As you read the scroll labeled BOLUAFRIKI, it crumbles to dust.
It is a scroll of enchant armour.
Your +1 hat glows green for a moment.
The jelly hits you.
You are splashed with acid!
* * * LOW HITPOINT WARNING * * *
As you read the scroll labeled HIGGUE YKKOMU, it crumbles to dust.
You feel strangely unstable.
It was a scroll of teleportation.
The jelly hits you.
* * * LOW HITPOINT WARNING * * *
You are splashed with acid!
You die...

.... ...# ..+ ..#
#.# ##'######
####.......#
#.J<.......#
#@##.......#
#.##.......#
#####.##<......#
#..............#
#.###.....######
#.#
#.###.###########
#.#
#...#............
#.#
###.############.
#.#####.#


You could see a jelly.

Vanquished Creatures
  A bullfrog zombie (D:4)
  An adder (D:2)
  A leopard gecko (D:2)
  7 bats
  3 giant cockroaches
  3 goblins
  2 hobgoblins (D:2)
  2 quokkas
  4 frilled lizards
  3 kobolds (D:2)
  2 rats (D:2)
29 creatures vanquished.

Vanquished Creatures (collateral kills)
  2 orcs (D:4)
  A leopard gecko skeleton (D:4)
3 creatures vanquished.

Grand Total: 32 creatures vanquished

Notes
Turn   | Place    | Note
-------+----------+-------------------------------------------
     0 | D:1      | brucemayne the Hill Orc Monk began the quest for the Orb.
     0 | D:1      | Reached XP level 1. HP: 19/19 MP: 1/1
   165 | D:1      | Found a shattered altar of Ashenzari.
   312 | D:2      | Reached XP level 2. HP: 26/26 MP: 2/2
   317 | D:2      | Found a white marble altar of Elyvilon.
   430 | D:2      | Reached skill level 5 in Axes
   447 | D:2      | Found an ornate altar of the Wu Jian Council.
   672 | D:2      | Reached XP level 3. HP: 24/31 MP: 3/3
   690 | D:3      | Noticed Sigmund
   722 | D:3      | Found a shimmering blue altar of Sif Muna.
   763 | D:4      | Found Yjomius's General Store.
   771 | D:4      | Noticed a scorpion
   794 | D:5      | Entered Level 5 of the Dungeon
   874 | D:4      | Reached skill level 6 in Axes
   877 | D:4      | Reached XP level 4. HP: 28/39 MP: 4/4
   917 | D:5      | Splashed by a jelly's acid

Levels and vault maps discovered:
D:1:      dpeg_arrival_rooms_c, layout_rooms, hangedman_decor_points,
          ashenzari_altar_1
D:2:      layout_rooms, marbit_many_paths, lemuel_round_altar,
          minmay_increasing_density
D:3:      layout_basic, lemuel_doored_altar, gammafunk_ghost_arena,
          serial_forest, infiniplex_forest_clump_small, infiniplex_forest_split,
          infiniplex_forest_side_room, infiniplex_forest_lined_room_2,
          infiniplex_forest_straight_3, minmay_misc_feat_iff, uniq_jessica,
          uniq_sigmund, uniq_grinder
D:4:      layout_basic, old_standard_altar, serial_shops, shop, first_ration,
          uniq_menkaure
D:5:      layout_basic, makhleb_altar_promises_db, grunt_decor_mini_mirrors,
          minmay_misc_feat_hallway

Skill      XL: |  1  2  3 |
---------------+----------+-----
Axes           | 5 6 |  6.3
Fighting       | |  3.6
Dodging        | |  2.4
Stealth        | |  1.5

Action                   |  1- 3 |  4- 6 || total
-------------------------+-------+-------++-------
Melee: Hand axe          |    87 |     1 ||    88
Evoke: Wand              |     6 |     4 ||    10
  Use: Potion            |     2 |       ||     2
       Scroll            |     1 |     3 ||     4
 Stab: Sleeping          |     2 |       ||     2
Armor: Robe              |    17 |       ||    17
       Scale mail        |    32 |     8 ||    40
Dodge: Dodged            |    98 |    13 ||   111
